 Dungeon Crawl Stone Soup version 0.25.1-2-g60ff931df9 (webtiles) character file.

Game seed: 9625129104885472457

91 DogServant the Charmwright (level 4, -1/33 HPs)
             Began as a Human Skald on Oct 12, 2020.
             Slain by a phantom (8 damage)
             ... on level 4 of the Dungeon.
             The game lasted 00:03:58 (2287 turns).

DogServant the Charmwright (Human Skald)            Turns: 2287, Time: 00:03:59

Health: -1/33      AC:  4    Str: 14    XL:     4   Next: 87%
Magic:  7/7        EV: 12    Int: 13    God:
Gold:   116        SH:  5    Dex: 13    Spells: 2/7 levels left

rFire    . . .     SeeInvis .   a - +0 mace
rCold    . . .     Gourm    .   (no shield)
rNeg     . . .     Faith    .   b - +0 leather armour
rPois    .         Spirit   .   (no helmet)
rElec    .         Reflect  +   (no cloak)
rCorr    .         Harm     .   h - +0 pair of gloves
MR       .....                  (no boots)
Stlth    +.........             g - amulet of reflection
HPRegen  0.11/turn              (no ring)
MPRegen  0.10/turn              (no ring)

@: infused
A: deterioration 1, strong 1, evolution 1
a: no special abilities


You were on level 4 of the Dungeon.
You were hungry.

You visited 1 branch of the dungeon, and saw 3 of its levels.

You collected 116 gold pieces.

Inventory:

Hand Weapons
 a - a +0 mace (weapon)
Armour
 b - a +0 leather armour (worn)
 h - a +0 pair of gloves (worn)
Jewellery
 g - an amulet of reflection (around neck)
 l - an uncursed ring of poison resistance {unknown}
Scrolls
 c - a scroll of fog {unknown}
 i - a scroll of enchant armour {unknown}
 m - a scroll of enchant weapon {unknown}
Potions
 e - a potion of mutation
 j - a potion of haste {unknown}
Comestibles
 d - 5 rations


   Skills:
 + Level 2.2 Fighting
 + Level 3.4 Maces & Flails
 - Level 1.0 Armour
 + Level 2.2 Dodging
 - Level 2.0 Spellcasting
 - Level 4.0 Charms


You had 2 spell levels left.
You knew the following spells:

 Your Spells              Type           Power        Failure   Level  Hunger
a - Infusion              Chrm           ##..         6%          1    ##.....
b - Song of Slaying       Chrm           ##......     9%          2    ###....
c - Shroud of Golubria    Chrm/Tloc      #.....       21%         2    ###....

Your spell library contained the following spells:

 Spells                   Type           Power        Failure   Level  Hunger
 Ozocubu's Armour         Chrm/Ice       #.......     38%         3    ####...
 Spectral Weapon          Hex/Chrm       #.......     38%         3    ####...


Dungeon Overview and Level Annotations

Branches:
Dungeon (2/15)

Altars:


Innate Abilities, Weirdness & Mutations

Your body sometimes deteriorates upon taking damage.
Your muscles are strong. (Str +2)
You evolve.


Message History

The phantom hits you.
You are feeling hungry.
You closely miss the phantom.
The phantom is moderately damaged.
The phantom hits you!
* * * LOW HITPOINT WARNING * * *
The phantom barely misses you.
You barely miss the phantom.
The phantom is moderately damaged.
The phantom closely misses you.
You closely miss the phantom.
The phantom is moderately damaged.
The phantom misses you.
It was a potion of mutation.
You feel extremely strange.
You feel nature experimenting on you.
Don't worry, failures die fast.
You feel yourself wasting away.
You feel stronger. You block the phantom's attack.
It was a potion of magic.
Magic courses through your body. The phantom hits you!
You die...

#.# #....... #
#.###.#.#.## #.
#.##.......#
###[####...........
#. ...##.##........
#. #.##.##........
#. #......<#..<..#
#W###.##.######..##
#.@...##.# #..#
########.######..##
#...........
###.#####.#. #.#
#.#. #.# ..#. ...
..... #.# ....#.
#.####....


You could see a phantom.

Vanquished Creatures
  A worker ant (D:4)
  2 adders (D:2)
  2 dart slugs
  A leopard gecko (D:2)
  4 bats (D:1)
  5 goblins
  6 hobgoblins (D:1)
  5 jackals
  8 kobolds
  A quokka (D:2)
  2 frilled lizards (D:2)
  6 rats
43 creatures vanquished.

Notes
Turn   | Place    | Note
-------+----------+-------------------------------------------
     0 | D:1      | DogServant the Human Skald began the quest for the Orb.
     0 | D:1      | Reached XP level 1. HP: 16/16 MP: 3/3
    67 | D:1      | Reached XP level 2. HP: 20/22 MP: 5/5
   485 | D:1      | Reached XP level 3. HP: 10/27 MP: 2/6
   784 | D:1      | Learned a level 2 spell: Song of Slaying
   787 | D:1      | Learned a level 2 spell: Shroud of Golubria
  1322 | D:2      | Reached XP level 4. HP: 8/33 MP: 3/7
  1756 | D:2      | Reached skill level 4 in Charms
  1847 | D:2      | You fall into a shaft and drop 2 floors!
  2273 | D:4      | Noticed a phantom
  2286 | D:4      | Gained mutation: You evolve. [potion of mutation]
  2286 | D:4      | Gained mutation: Your body sometimes deteriorates upon
                  | taking damage. [potion of mutation]
  2286 | D:4      | Gained mutation: Your muscles are strong. (Str +2) [potion
                  | of mutation]
  2287 | D:4      | Slain by a phantom

Illustrated notes

Levels and vault maps discovered:
D:1:      minmay_arrival_floating_metal, layout_loops_cross
D:2:      layout_basic, minmay_pentomino_p4
D:4:      layout_loops_corners, first_ration

Skill      XL: |  1  2  3  4 |
---------------+-------------+-----
Maces & Flails | 3 |  3.4
Charms         | 4 |  4.0
Fighting       | |  2.2
Armour         | |  1.0
Dodging        | |  2.2
Spellcasting   | |  2.0

Action                   |  1- 3 |  4- 6 || total
-------------------------+-------+-------++-------
Melee: Mace              |    92 |    59 ||   151
 Cast: Infusion          |     3 |     4 ||     7
       Song of Slaying   |     1 |     1 ||     2
  Use: Potion            |       |     2 ||     2
  Eat: Chunk             |     1 |       ||     1
       Ration            |       |     1 ||     1
Armor: Leather armour    |    28 |    12 ||    40
Dodge: Dodged            |    62 |    38 ||   100
Block: Other             |    14 |    18 ||    32
       Reflection        |     1 |     1 ||     2
